 Dungeon Crawl Stone Soup version 0.27-a0-1193-g8631133539 (webtiles) character file.

Game seed: 4277176264731605994

100 Delamore the Skirmisher (level 4, 0/29 HPs)
             Began as a Gargoyle Fighter on May 26, 2021.
             Slain by an adder (4 damage)
             ... on level 2 of the Dungeon.
             The game lasted 00:01:10 (1891 turns).

Delamore the Skirmisher (Gargoyle Fighter)          Turns: 1891, Time: 00:01:10

Health: 0/29       AC: 11    Str: 21    XL:     4   Next: 73%
Magic:  4/4        EV:  7    Int:  8    God:
Gold:   61         SH:  9    Dex:  9    Spells: 3/3 levels left

rFire    . . .     SeeInvis .   a - +0 flail
rCold    . . .     Faith    .   c - +0 kite shield
rNeg     + . .     Spirit   .   b - +0 scale mail
rPois    ∞         Reflect  .   (no helmet)
rElec    +         Harm     .   f - +0 cloak
rCorr    .         Rampage  .   (no gloves)
Will     .....                  (no boots)
Stlth    ..........             (no amulet)
HPRegen  0.09/turn              (no ring)
MPRegen  0.09/turn              (no ring)

@: no status effects
A: sickness immunity, AC +3, negative energy resistance 1, electricity
resistance, torment resistance 1, petrification resistance
a: no special abilities


You were on level 2 of the Dungeon.
You visited 1 branch of the dungeon, and saw 2 of its levels.

You collected 61 gold pieces.

Inventory:

Hand Weapons
 a - a +0 flail (weapon)
Armour
 b - a +0 scale mail (worn)
 c - a +0 kite shield (worn)
 f - a +0 cloak (worn)
Scrolls
 g - 2 scrolls of identify {unknown}
 j - a scroll of silence {unknown}
Potions
 d - a potion of might
 e - 3 potions of curing {unknown}
 h - a potion of lignification {unknown}
 i - a potion of mutation {unknown}
 k - 2 potions of haste {unknown}


   Skills:
 + Level 4.3 Fighting
 * Level 4.0 Maces & Flails
 - Level 3.2 Armour
 - Level 3.2 Shields


You had 3 spell levels left.
You didn't know any spells.
Your spell library was empty.

Dungeon Overview and Level Annotations

Branches:
Dungeon (2/15)

Altars:


Innate Abilities, Weirdness & Mutations

You are immune to sickness and miasma.
Your stone body is resilient. (AC +3)
You are immune to poison.
You resist negative energy. (rN+)
You are resistant to electric shocks. (rElec)
You are resistant to unholy torment.
You are immune to petrification.


Message History

You hit the gnoll.
You kill the gnoll!
You sock the rat!
You kill the rat!
You block the gnoll's attack. You block the gnoll's attack.
Found a silvery potion.
Things that are here:
a +0 club; a rat corpse You sock the gnoll!
The gnoll is almost dead.
You block the gnoll's attack. The gnoll hits you with a +0 spear.
You hit the gnoll.
You kill the gnoll!
The gnoll hits you but does no damage.
Your Maces & Flails skill increases to level 4!
You closely miss the gnoll. The gnoll hits you with a +0 club.
You are too injured to fight recklessly!
You are too injured to fight recklessly!
You are too injured to fight recklessly!
You are too injured to fight recklessly!
You are too injured to fight recklessly!
You are too injured to fight recklessly!
You are too injured to fight recklessly!
You are too injured to fight recklessly!
You are too injured to fight recklessly!
You are too injured to fight recklessly!
You are too injured to fight recklessly!
You are too injured to fight recklessly!
You are too injured to fight recklessly!
You are too injured to fight recklessly!
You hit the gnoll.
The gnoll is heavily wounded.
The gnoll hits you with a +0 club.
* * * LOW HITPOINT WARNING * * *
The gnoll hits you with a +0 club.
* * * LOW HITPOINT WARNING * * *
You block the adder's attack. The adder bites you.
You die...

#######.....#
#.#######..........
####.....###...<..............
#.........##########...#.....#
#.........# #...#.###.#
#.........# #...#.# #.#
#.........# #...#.# #.#
#.........# #...#.# #.#
#.........##########...#.###.#
#.........rgS@...............#
########.#############.#.###.#
#.# #.#.#...# #.# #.#.#.#.#
#.# ####.#.#.#.# #.#
#......#.#.#
#.##########.##.###.#.#
#.............>.# #.#.#
############.#### #.#.#


You could see a gnoll, an adder and a quokka.

Vanquished Creatures
  6 gnolls
  An adder (D:2)
  2 worms (D:2)
  2 dart slugs
  A ball python (D:1)
  A bat (D:1)
  An endoplasm (D:1)
  2 giant cockroaches (D:1)
  A goblin (D:2)
  2 hobgoblins (D:1)
  3 kobolds
  A quokka (D:2)
  2 frilled lizards (D:2)
  A rat (D:2)
26 creatures vanquished.

Notes
Turn   | Place    | Note
-------+----------+-------------------------------------------
     0 | D:1      | Delamore the Gargoyle Fighter began the quest for the Orb.
     0 | D:1      | Reached XP level 1. HP: 14/14 MP: 1/1
    15 | D:1      | Noticed a minotaur zombie
    17 | D:1      | Noticed a minotaur zombie
    77 | D:1      | Found a faded altar of an unknown god.
   175 | D:1      | Reached XP level 2. HP: 19/19 MP: 2/2
   897 | D:1      | Reached XP level 3. HP: 11/24 MP: 3/3
  1274 | D:2      | Reached XP level 4. HP: 24/29 MP: 4/4
  1891 | D:2      | Slain by an adder

Illustrated notes

Levels and vault maps discovered:
D:1:      shiori_arrival_whats_in_store_for_you, layout_basic,
          ebering_ecumenical_altar_box
D:2:      layout_basic

Skill      XL: |  1  2  3  4 |
---------------+-------------+-----
Maces & Flails | 3 4 |  4.0
Fighting       | 4 |  4.3
Armour         | |  3.2
Shields        | |  3.2

Action                   |  1- 3 |  4- 6 || total
-------------------------+-------+-------++-------
Melee: Flail             |    63 |    35 ||    98
Armor: Scale mail        |    37 |    17 ||    54
Dodge: Dodged            |    27 |     8 ||    35
Block: Kite shield       |    38 |    11 ||    49

Table legend: (Time is in decaauts)
 A = Elapsed time spent in this place.
 B = Non-inter-level travel time spent in this place.
 C = Inter-level travel time spent in this place.
 D = Time resting spent in this place.
 E = Time spent auto-exploring this place.
 F = Levels seen in this place.
 G = Mean time per level.
                   A        B        C        D        E       F      G
               +--------+--------+--------+--------+--------+-----+--------+
         Total |   1941 |   1924 |     17 |    316 |   1341 |   2 |  970.5 |
       Dungeon |   1941 |   1924 |     17 |    316 |   1341 |   2 |  970.5 |
               +--------+--------+--------+--------+--------+-----+--------+

Top non-repeatable levels by time:
     D:1: 1261 daAuts
     D:2: 679 daAuts
